 Dungeon Crawl Stone Soup version 0.24-a0-487-g57318f2ed0 (webtiles) character file.

Game seed: 11062662125396131284

10 Peloso the Covered (level 2, -2/27 HPs)
             Began as a Minotaur Fighter on July 10, 2019.
             Slain by an ogre
             ... wielding a +0 giant spiked club
              (4 damage)
             ... on level 4 of the Dungeon.
             The game lasted 00:00:41 (190 turns).

Peloso the Covered (Minotaur Fighter)                Turns: 190, Time: 00:00:42

Health: -2/27      AC:  7    Str: 25    XL:     2   Next: 10%
Magic:  1/1        EV:  7    Int:  5    God:
Gold:   13         SH:  9    Dex:  9    Spells: 1/1 levels left

rFire    . . .     SeeInvis .   a - +0 long sword
rCold    . . .     Gourm    .   c - +0 shield
rNeg     . . .     Faith    .   b - +0 scale mail
rPois    .         Spirit   .   (helmet restricted)
rElec    .         Reflect  .   (no cloak)
rCorr    .         Harm     .   (no gloves)
MR       .....                  (no boots)
Stlth    ..........             (no amulet)
HPRegen  0.09/turn              (no ring)
MPRegen  0.07/turn              (no ring)

@: mighty
A: retaliatory headbutt, horns 2
a: no special abilities


You were on level 4 of the Dungeon.
You were not hungry.

You visited 1 branch of the dungeon, and saw 3 of its levels.

You collected 13 gold pieces.

Inventory:

Hand Weapons
 a - a +0 long sword (weapon)
Armour
 b - a +0 scale mail (worn)
 c - a +0 shield (worn)
Potions
 e - a potion of magic {unknown}
 g - a potion of agility {unknown}
 h - a potion of ambrosia {unknown}
Comestibles
 f - 2 rations


   Skills:
 + Level 3.8 Fighting
 + Level 2.6 Long Blades
 + Level 4.0 Armour
 + Level 3.8 Shields


You had one spell level left.
You didn't know any spells.
Your spell library was empty.

Dungeon Overview and Level Annotations

Branches:
Dungeon (1/15)

Altars:


Innate Abilities, Weirdness & Mutations

You reflexively headbutt those who attack you in melee.
You have a pair of horns on your head.


Message History

HP restored.
You fall into a shaft and drop 2 floors!
The shaft crumbles and collapses.
Found a purple potion.
An eye of draining comes into view.
An eye of draining is nearby!
An ogre comes into view. It is wielding a +0 giant spiked club.
The ogre shouts!
The eye of draining gazes at you.
You feel your power leaking away. The eye of draining gazes at you.
The eye of draining gazes at you.
You feel very mighty all of a sudden.
The ogre hits you with a +0 giant spiked club!!
Ouch! That really hurt!
* * * LOW HITPOINT WARNING * * *
You slash the ogre!
The ogre is heavily wounded.
The ogre hits you with a +0 giant spiked club.
You die...

##### . #.!.####..
...########### #.........
#......@O...###.........
...#########.G...........
###.....####.. ###.#.###
#...#.# #.##..# ... #.##
.... ... #.... ..###


You could see an eye of draining and an ogre.

Vanquished Creatures
  A dart slug (D:1)
  3 hobgoblins (D:1)
  2 frilled lizards (D:1)
  3 rats
9 creatures vanquished.

Notes
Turn   | Place    | Note
-------+----------+-------------------------------------------
     0 | D:1      | Peloso the Minotaur Fighter began the quest for the Orb.
     0 | D:1      | Reached XP level 1. HP: 19/19 MP: 0/0
   120 | D:1      | Reached skill level 4 in Armour
   121 | D:1      | Reached XP level 2. HP: 27/27 MP: 1/1
   129 | D:1      | You fall into a shaft and drop 1 floor!
   162 | D:2      | You fall into a shaft and drop 2 floors!
   166 | D:4      | Noticed an eye of draining
   173 | D:4      | Noticed an ogre
   190 | D:4      | Slain by an ogre

Levels and vault maps discovered:
D:1:      minmay_arrival_stair_chambers, layout_loops_ring
D:2:      minmay_spotlight, layout_loops_ring, minmay_split_cup_large
D:4:      layout_rooms, kennysheep_mini, kennysheep_little_box, serial_shops,
          nicolae_shop_behind_doors, shop, nicolae_shop_crystal, shop,
          nicolae_shop_trees, kennysheep_decorative_pillar

Skill      XL: |  1 |
---------------+----+-----
Armour         | 4 |  4.0
Fighting       | |  3.8
Long Blades    | |  2.6
Shields        | |  3.8

Action                   || total
-------------------------++-------
Melee: Long sword        ||    18
       Headbutt          ||     1
  Use: Potion            ||     1
Armor: Scale mail        ||     6
Dodge: Dodged            ||     5
Block: Shield            ||    10
       Rpst.: Long sword ||     4

Table legend:
 A = Non-vault XP
 B = Vault XP
 C = Vault XP percentage of total XP
 D = Non-vault monster count
 E = Vault monster count
 F = Vault count percentage of total count
                 A         B        C        D         E       F
            +---------+---------+-------+---------+---------+-------
      Total |      15 |       0 |   0.0 |       9 |       0 |   0.0
            +---------+---------+-------+---------+---------+-------
        D:1 |      14 |       0 |   0.0 |       8 |       0 |   0.0
        D:2 |       1 |       0 |   0.0 |       1 |       0 |   0.0
            +---------+---------+-------+---------+---------+-------
